 Dungeon Crawl Stone Soup version 0.28-a0-1087-gf3fc490d9d (webtiles) character file.

Game seed: 2818548637996173909

2172 YayAnonymity the Cleaver (level 9, 0/106 (108) HPs)
             Began as a Minotaur Berserker on Dec 11, 2021.
             Was a Priest of Trog.
             Killed from afar by a steam dragon (27 damage)
             ... with a ball of steam
             ... on level 6 of the Dungeon.
             The game lasted 00:12:17 (5583 turns).

YayAnonymity the Cleaver (Minotaur Berserker)       Turns: 5583, Time: 00:12:18

HP:   0/106 (108)   AC:  5    Str: 29    XL:     9   Next: 11%
MP:   8/8           EV: 12    Int:  4    God:    Trog [***...]
Gold: 166           SH:  0    Dex: 13    Spells: 8/8 levels left

rFire   . . .      SeeInvis .   b - +0 short sword (elec)
rCold   . . .      Faith    .   (no shield)
rNeg    . . .      Spirit   .   k - +0 ring mail
rPois   +          Reflect  .   (helmet restricted)
rElec   .          Harm     .   (no cloak)
rCorr   .          Rampage  .   (no gloves)
Will    .....                   (no boots)
Stlth   ..........              y - amulet of the acrobat
HPRegen 0.27/turn               u - ring of poison resistance
MPRegen 0.11/turn               d - +6 ring of strength

@: berserking, lightly drained, very quick
A: horns 2, retaliatory headbutt
a: Renounce Religion, Berserk, Trog's Hand


You were on level 6 of the Dungeon.
You worshipped Trog.
Trog was most pleased with you.
You visited 2 branches of the dungeon, and saw 9 of its levels.
You also visited: Ossuary.

You collected 166 gold pieces.

Inventory:

Hand Weapons
 a - a +0 hand axe of flaming
 b - a +0 short sword of electrocution (weapon)
Missiles
 i - 22 poisoned darts (quivered)
Armour
 k - a +0 ring mail (worn)
Jewellery
 d - a +6 ring of strength (right hand)
 e - a ring of protection from fire
 u - a ring of poison resistance (left hand)
 x - a ring of flight
 y - an amulet of the acrobat (around neck)
Scrolls
 g - a scroll of enchant weapon {unknown}
 h - 2 scrolls of immolation {unknown}
 j - a scroll of blinking {unknown}
 m - 4 scrolls of teleportation
 r - a scroll of fear {unknown}
Potions
 c - 2 potions of attraction
 f - a potion of curing {unknown}
 l - 2 potions of lignification
 n - a potion of might {unknown}
 o - 3 potions of ambrosia
 p - a potion of mutation {unknown}
 q - a potion of heal wounds {unknown}
 s - a potion of flight {unknown}
 t - a potion of cancellation {unknown}
 v - 2 potions of resistance {unknown}
 w - a potion of brilliance {unknown}
 z - a potion of invisibility {unknown}


   Skills:
 + Level 4.7 Fighting
 - Level 14.0 Axes
 - Level 2.4 Armour
 + Level 3.5 Dodging


You had 8 spell levels left.
You didn't know any spells.
Your spell library was empty.

Dungeon Overview and Level Annotations

Branches:
Dungeon (8/15)             Temple (1/1) D:4         Ossuary (visited)
   Lair: D:8-11

Altars:
Ashenzari
Cheibriados
Dithmenos
Elyvilon
Fedhas
Gozag
Hepliaklqana
Makhleb
Nemelex Xobeh
Okawaru
Qazlal
Ru
Trog
Uskayaw
Vehumet
Wu Jian
Yredelemnul
Zin

Shops:
D:5 :(


Innate Abilities, Weirdness & Mutations

You have a pair of horns on your head.
You reflexively headbutt those who attack you in melee.


Message History

The iguana bites you!
You closely miss the iguana. You headbutt the iguana!
The iguana is severely wounded.
Your surroundings suddenly seem different.
Found 12 poisoned darts.
No target in view!
HP restored.
i - 22 poisoned darts (gained 12)
Found a trident.
The iguana completely misses you. You furiously retaliate!
You headbutt the iguana!
You kill the iguana!
Trog accepts your kill.
No target in view!
Found a stone staircase leading up.
v - 2 bubbling silvery potions (gained 1)
There is a stone staircase leading up here.
You climb upwards.
Found a crooked jewelled staff.
There is a stone staircase leading down here.
Okay, then.
A steam dragon comes into view.
You barely miss the steam dragon. The necrophage hits you.
You feel drained. The steam dragon breathes steam at you.
The ball of steam hits you!!
You hear a shout! x3
You hit the steam dragon. Your headbutt misses the steam dragon.
The steam dragon is lightly wounded.
You are engulfed in a cloud of scalding steam.
The necrophage hits you but does no damage.
The steam dragon bites you! The steam dragon barely misses you.
Okay, then.
A red film seems to cover your vision as you go berserk!
You feel yourself moving faster!
You feel mighty!
You are engulfed in a cloud of scalding steam.
* * * LOW HITPOINT WARNING * * *
The necrophage hits you but does no damage.
The steam dragon breathes steam at you. The ball of steam hits you!!
You die...

#######
......#
......#
#####D......
#>§.@n......
#.§§....|...
#####......#
.......
......#
####.#. #.#
#.


You could see a steam dragon (catching breath) and a necrophage.

Vanquished Creatures
  Sigmund (D:5)
  2 black bears
  An ogre (D:4)
  12 scorpions (Ossuary)
  3 elf skeletons (D:4)
  A water moccasin zombie (D:5)
  2 centaur zombies
  A hound (D:4)
  7 human zombies
  An orc priest (D:4)
  A human skeleton (D:4)
  4 iguanas
  2 orc wizards
  4 scorpion zombies (Ossuary)
  A hound skeleton (D:4)
  3 mummies (Ossuary)
  3 gnolls (D:4)
  A howler monkey skeleton (D:4)
  2 adders
  A worm (D:3)
  3 dart slugs
  8 orcs
  2 bats
  8 endoplasms
  3 giant cockroaches
  3 gnoll zombies (Ossuary)
  3 goblins
  4 hobgoblins
  4 jackals
  5 quokkas
  3 ball pythons
  A goblin zombie (Ossuary)
  8 kobolds
  2 kobold zombies (Ossuary)
  An orc skeleton (D:4)
  5 orc zombies (Ossuary)
  5 rats
  A butterfly (D:4)
122 creatures vanquished.

Notes
Turn   | Place    | Note
-------+----------+-------------------------------------------
     0 | D:1      | YayAnonymity the Minotaur Berserker began the quest for the
                  | Orb.
     0 | D:1      | Reached XP level 1. HP: 19/19 MP: 0/0
   182 | D:1      | Reached skill level 4 in Axes
   391 | D:1      | Found a faded altar of an unknown god.
   405 | D:1      | Reached XP level 2. HP: 25/26 MP: 1/1
  1329 | D:2      | Reached skill level 5 in Axes
  1559 | D:2      | Reached XP level 3. HP: 25/31 MP: 2/2
  1879 | D:3      | Reached ** piety under Trog
  1943 | D:3      | Found a broken altar of Ashenzari.
  2131 | D:3      | Noticed an angel
  2132 | D:3      | Found a glowing silver altar of Zin.
  2295 | D:4      | Reached skill level 6 in Axes
  2295 | D:4      | Reached XP level 4. HP: 31/39 MP: 3/3
  2509 | D:4      | Reached skill level 7 in Axes
  2509 | D:4      | Reached XP level 5. HP: 21/45 MP: 4/4
  2587 | D:4      | Found a sand-covered staircase.
  2755 | Ossuary  | Entered an ossuary
  2877 | Ossuary  | Reached skill level 8 in Axes
  2929 | Ossuary  | Reached XP level 6. HP: 51/51 MP: 5/5
  2933 | Ossuary  | Reached skill level 9 in Axes
  3043 | Ossuary  | Reached XP level 7. HP: 45/57 MP: 6/6
  3050 | Ossuary  | Reached skill level 10 in Axes
  3388 | Ossuary  | Reached skill level 11 in Axes
  3448 | Ossuary  | Reached XP level 8. HP: 58/64 MP: 7/7
  3458 | Ossuary  | Reached skill level 12 in Axes
  4048 | D:4      | Reached *** piety under Trog
  4089 | D:4      | Reached skill level 13 in Axes
  4229 | D:4      | Found a staircase to the Ecumenical Temple.
  4239 | Temple   | Entered the Ecumenical Temple
  4893 | D:4      | Found an ornate altar of the Wu Jian Council.
  4895 | D:4      | Found a basalt altar of Yredelemnul.
  4896 | D:4      | Found a stormy altar of Qazlal.
  4954 | D:5      | Entered Level 5 of the Dungeon
  5017 | D:5      | Noticed Sigmund
  5017 | D:5      | Found Heusut's Weapon Shop.
  5022 | D:5      | Killed Sigmund
  5023 | D:5      | Reached skill level 14 in Axes
  5065 | D:5      | Found Mufeiguo's Book Shop.
  5076 | D:5      | Reached XP level 9. HP: 72/72 MP: 8/8
  5394 | D:5      | You fall into a shaft and drop 3 floors!
  5583 | D:6      | Killed from afar by a steam dragon

Illustrated notes

Levels and vault maps discovered:
D:1:      dpeg_arrival_houses_and_road, layout_loops_ring,
          ebering_ecumenical_altar_petrified
D:2:      layout_loops_ring
D:3:      layout_rooms, zin_angel, mainiacjoe_overflow_24_doors
D:4:      layout_loops_ring, minitemple, minmay_temple_entry_butterflies,
          nicolae_ossuary_entry_catacombs,
          nicolae_concentric_dashed_squares_mild
D:5:      layout_cave_pods, serial_shops, nicolae_stop_n_shop_1, shop,
          uniq_sigmund
D:6:      layout_basic, mainiacjoe_overflow_small_starburst,
          kennysheep_generic_room_11, uniq_menkaure
D:7:      layout_rooms, uniq_duvessa
D:8:      kennysheep_six_static_rooms, layout_basic,
          mainiacjoe_overflow_catwalk, kennysheep_mini, led_sif_book
Temple:   nicolae_temple_figure_eight

Skill      XL: |  1  2  3  4  5  6  7  8 |
---------------+-------------------------+-----
Axes           | 4 5 6 7 8 9 11 14 | 14.0
Fighting       | 4 |  4.7
Dodging        | 3 |  3.5
Armour         | |  2.4

Action                   |  1- 3 |  4- 6 |  7- 9 || total
-------------------------+-------+-------+-------++-------
Melee: Hand axe          |    72 |    62 |   114 ||   248
       Headbutt          |    11 |    28 |    48 ||    87
       Short sword       |       |       |    55 ||    55
Invok: Berserk           |     2 |     2 |    12 ||    16
  Use: Scroll            |       |       |     4 ||     4
Armor: Leather armour    |     4 |       |       ||     4
       Animal skin       |     1 |       |       ||     1
       Ring mail         |     6 |    17 |    26 ||    49
Dodge: Dodged            |    47 |    19 |    55 ||   121

Table legend: (Time is in decaauts)
 A = Elapsed time spent in this place.
 B = Non-inter-level travel time spent in this place.
 C = Inter-level travel time spent in this place.
 D = Time resting spent in this place.
 E = Time spent auto-exploring this place.
 F = Levels seen in this place.
 G = Mean time per level.
                   A        B        C        D        E       F      G
               +--------+--------+--------+--------+--------+-----+--------+
         Total |   5694 |   5290 |    404 |   1312 |   2855 |  10 |  569.4 |
       Dungeon |   4465 |   4072 |    393 |    663 |   2623 |   8 |  558.1 |
        Temple |    219 |    208 |     11 |      0 |    207 |   1 |  219.0 |
       Ossuary |   1009 |   1009 |      0 |    649 |     25 |   1 | 1009.0 |
               +--------+--------+--------+--------+--------+-----+--------+

Top non-repeatable levels by time:
     D:4: 1461 daAuts
 Ossuary: 1009 daAuts
     D:1: 971 daAuts
     D:2: 819 daAuts
     D:3: 679 daAuts
     D:5: 345 daAuts
  Temple: 219 daAuts
     D:7: 108 daAuts
     D:8: 73 daAuts
     D:6: 6 daAuts
